 Dungeon Crawl Stone Soup version 0.14-a0-155-gd989017 (console) character file.

622513 prkl the Slayer (level 25, -4/293 HPs)
             Began as an Ogre Berserker on Oct 4, 2013.
             Was the Champion of the Shining One.
             Killed from afar by a balrug (49 damage)
             ... with a bolt of fire
             ... summoned by a shadow demon
             ... in Pandemonium on Oct 5, 2013.
             The game lasted 06:18:49 (44542 turns).

prkl the Slayer (Ogre Berserker)                   Turns: 44542, Time: 06:18:49

HP  -4/293       AC 27     Str 29      XL: 25   Next: 59%
MP  29/34        EV  7     Int 12 (14) God: the Shining One [******]
Gold 4851        SH 27     Dex 10      Spells:  9 memorised, 14 levels left

Res.Fire  : . . .   See Invis. : .   a - +7 giant club of Mebiocef {speed, rN+ Dex+ Res.Cold : + . . Warding : . v - +7 storm dragon armour Life Prot.: + + + Conserve : . (shield restricted)
Res.Poison: .       Res.Corr.  : .   J - +1 wizard hat
Res.Elec. : +       Clarity    : +   b - -1 dwarf cloak
Sust.Abil.: . .     Spirit.Shd : .   (gloves unavailable)
Res.Mut.  : +       Stasis     : .   (boots unavailable)
Res.Rott. : .       Flight     : .   i - amulet of resist mutation
Saprovore : + . .                    g - ring of sustenance
                                     h - ring of regeneration

@: mildly poisoned, very slightly contaminated, glowing, very resistant to
hostile enchantments, extremely unstealthy
A: unfitting armour, clarity, cold resistance 1, fast metabolism 1, -10% mp,
sense surroundings 1, saprovore 1, tough skin 1
a: Divine Shield, Cleansing Flame, Summon Divine Warrior, Renounce Religion
}: 7/15 runes: serpentine, barnacled, slimy, silver, golden, abyssal, demonic


You were in Pandemonium.
You worshipped the Shining One. the Shining One was exalted by your worship.
You were very hungry.

You visited 11 branches of the dungeon, and saw 68 of its levels.
You visited Pandemonium 1 time, and saw 1 of its levels.
You visited the Abyss 1 time.
You also visited: Labyrinth, Trove and Sewer.

You collected 5843 gold pieces.
You spent 1012 gold pieces at shops.

Inventory:

Hand weapons
 a - the +7,+7 giant club of Mebiocef (weapon) {speed, rN+ Dex+1 Stlth+}
   (Trog gifted it to you on level 11 of the Dungeon)

   Attacks with this weapon take half as long, but cause slightly less damage.
   It affects your dexterity (+1).
   It protects you from negative energy.
   It makes you much more stealthy.
Missiles
 R - 7 large rocks (quivered)
Armour
 b - a -1 dwarven cloak (worn)
 v - a +7 storm dragon armour (worn)
 J - a +1 wizard hat (worn)
Magical devices
 f - a wand of heal wounds (5)
 k - a wand of digging (7)
 m - a wand of heal wounds (5)
 p - a wand of disintegration (9)
 r - a wand of fire (9)
 D - a wand of teleportation (6)
 I - a wand of cold (5)
 N - a wand of fireball (3)
 P - a wand of teleportation (6)
Comestibles
 n - a pear
 o - a bread ration
 x - 3 meat rations
 M - 3 honeycombs
Scrolls
 q - 7 scrolls of remove curse
 y - 3 scrolls of teleportation
 z - 12 scrolls of identify
 S - a scroll of noise
 V - 6 scrolls of fear
 W - 5 scrolls of fog
Jewellery
 g - a ring of sustenance (right hand)
 h - a ring of regeneration (left hand)
 i - an amulet of resist mutation (around neck)
 l - an uncursed amulet of warding
 t - an uncursed amulet of resist corrosion
 u - an uncursed ring of protection from cold
 A - a +5 ring of protection
 C - an uncursed ring of teleportation
 F - the ring "Thosacw" {+Fly Int+2 Dam+4}
   (You found it on level 5 of the Vaults)

   [ring of flight]

   It affects your intelligence (+2).
   It affects your damage-dealing abilities (+4).
 L - an uncursed amulet of stasis
 Q - an uncursed ring of protection from fire
 T - an uncursed ring of poison resistance
 U - an uncursed ring of sustain abilities
 X - an uncursed amulet of clarity
 Y - a +4 ring of evasion
 Z - an uncursed ring of teleport control
Potions
 w - a potion of magic
 G - 2 potions of agility
 O - 3 potions of restore abilities
Miscellaneous
 j - an ornate deck of dungeons {Water}


   Skills:
 - Level 24.5 Fighting
 - Level 22.0 Maces & Flails
 - Level 4.4 Throwing
 - Level 17.8 Armour
 - Level 8.9 Dodging
 - Level 10.0 Shields
 + Level 9.8 Spellcasting
 - Level 2.1 Charms
 + Level 6.2 Summonings
 + Level 4.9 Translocations
 - Level 11.9 Invocations
 - Level 16.0 Evocations


You had 14 spell levels left.
You knew the following spells:

 Your Spells              Type           Power        Failure   Level  Hunger
a - Summon Butterflies    Summ           ###.....     3%          1    None
b - Blink                 Tloc           N/A          10%         2    None
c - Repel Missiles        Chrm/Air       #.........   38%         2    None
d - Apportation           Tloc           ###.......   8%          1    None
e - Phase Shift           Tloc           ###.......   98%         5    #####..
f - Flight                Chrm/Air       #.........   77%         3    ##.....
g - Haste                 Chrm           ##......     100%        6    #######
h - Shadow Creatures      Summ           N/A          85%         5    #####..
i - Dig                   Erth           #.......     100%        4    ####...


Dungeon Overview and Level Annotations

Branches:
Dungeon (27/27)            Temple (1/1) D:6             Orc (4/4) D:10
    Elf (0/3) Orc:4          Lair (8/8) D:9          Shoals (5/5) Lair:3
  Snake (5/5) Lair:4        Slime (6/6) Lair:6       Vaults (5/5) D:16
  Blade (0/1) Vaults:3      Crypt (3/5) Vaults:3       Tomb (3/3) Crypt:2
    Dis: Hell:1         Geh: Hell:1         Coc: Hell:1         Tar: Hell:1
    Zot: D:27

Altars:
Ashenzari
Cheibriados
Elyvilon
Fedhas
Kikubaaqudgha
Makhleb
Okawaru
Sif Muna
Trog
Vehumet
Yredelemnul
Zin
the Shining One
Jiyva

Shops:
D:20 /   Orc:4 %(/=   Shoals:4 }

Portals:
Hell: D:25 D:26 D:27
Abyss: D:24 D:25 D:27
Pandemonium: D:24

Annotations:
D:11 FOOD
Shoals:4 Frances
Snake:3 Lamia


Innate Abilities, Weirdness & Mutations

You are too large for most types of armour.
You have a fast metabolism.
You can tolerate rotten meat.
You have tough skin (AC +1).
You possess an exceptional clarity of mind.
Your flesh is cold resistant.
Your magical capacity is low (-10% MP).
You passively map a small area around you.


Message History

* * * LOW HITPOINT WARNING * * *
You feel sick. You block the Shadow Fiend's attack. The Shadow Fiend hits you.
* * * LOW HITPOINT WARNING * * *
The Shadow Fiend completely misses you.
You hit the Shadow Fiend.
The Shadow Fiend is almost dead.
Your daeva hits the Shadow Fiend with a blessed long sword of holy wrath!
The Shadow Fiend dies!
Evoke which item? (* to show all) (? for menu, Esc to quit)
Zapping:
m - a wand of heal wounds (6)
Press: ? - help, Shift-Dir - straight line, f - you You feel much better.
This wand has 5 charges left.
* * * LOW HITPOINT WARNING * * *
You feel sick.
You bludgeon the balrug!!
The balrug is moderately wounded.
The balrug gestures at you. The bolt of fire hits you!
One of your 13 scrolls of identify catches fire!
You die...

▒∙∙∙∙∙∙▒∙∙∙∙∙▒'▒▒▒▒▒▒▒▒▒
▒∙▒∙∙∙∙'∙∙∙∙∙∙∙∙∙∙∙∙∙∙∙·
▒∙▒∙∙∙∙▒∙∙∙∙∙∙∙∙∙∙∙∙∙∙
▒∙▒∙∙∙∙▒∙∙∙∙∙∙∙∙∙∙∙∙∙∙
▒∙∙∙∙∙∙▒▒▒▒▒▒▒▒▒▒▒▒▒▒▒ ░
▒∙∙∙∙∙∙∙∙∙∙∙∙∙∙∙∙∙ ·
▒∙∙∙∙∙∙∙∙∙∙∙∙∙∙∙∙∙∙ ░
▒∙∙∙∙∙∙∙∙∙∙∙∙∙∙∙∙∙∙
▒∙∙∙∙∙∙∙∙@2∙∙∙∙∙∙∙∙
▒∙∙∙∙∙∙∙∙A∙∙∙∙∙∙∙∙∙∙
▒∙∙∙∙)▒▒▒▒▒∙▒▒▒▒■▒▒▒
▒∙∙∙∙∙▒∙∙∙#∙∙∙∙∙∙∙∙∙
▒∙∙∙∙∙▒∙∙∙∙∙∙∙∙∙∙∙∙∙ ··
▒∙∙∙∙∙▒∙∙∙∙4∙∙∙∙∙∙∙∙· · ·
▒∙∙∙∙∙▒▒▒▒▒2▒▒▒▒▒▒▒▒▒▒▒▒▒▒
▒∙∙∙∙∙∙∙∙∙∙#∙∙∙#∙∙∙∙∙2∙∙∙2
▒∙∙∙∙∙∙∙∙▒∙∙∙#▒▒▒▒∙∙∙3∙∙1∙


You could see a balrug and a friendly daeva.

Vanquished Creatures
  An ancient lich (Abyss:5)
  A player illusion (Tomb:2)
  13 greater mummies
  Saint Roka (Snake:4)
  Boris (Tomb:3)
  Sojobo (Vaults:3)
  Margery (Tomb:1)
  Mara (Tomb:2)
  Geryon (Hell)
  3 bone dragons
  3 liches
  A Hell Sentinel (Abyss:5)
  2 tentacled monstrosities (Vaults:5)
  The ghost of patman the Executioner, a mighty MiGl of Okawaru (D:27)
  An Ice Fiend (Pan)
  2 titans (Vaults:5)
  A Shadow Fiend (Abyss:5)
  12 acid blobs
  A storm dragon (shapeshifter) (D:27)
  2 storm dragons (Vaults:5)
  10 sphinxes
  9 tengu reavers
  3 shadow dragons (Vaults:5)
  An ancient champion (Crypt:3)
  2 revenants (Crypt:2)
  A ghoul (Crypt:1)
  4 azure jellies
  5 fire giants
  Donald (Shoals:4)
  4 frost giants
  An orc warlord (Orc:4)
  An iron dragon (Vaults:5)
  2 tentacled starspawn (Abyss:5)
  Aizul (D:19)
  8 vault wardens
  2 balrugs
  3 cacodemons
  A draconian annihilator (D:27)
  Jorgrun (Shoals:2)
  The ghost of prkl the Shatterer, a powerful OgBe of Trog (Lair:8)
  37 stone giants
  3 greater nagas (Snake:5)
  8 reapers
  12 starcursed masses
  A green draconian (D:27)
  A lorocyproca (Abyss:5)
  A vampire knight (Crypt:1)
  Azrael (Snake:4)
  The ghost of prkl the Spry, a powerful FeBe of Trog (Vaults:5)
  A pale draconian (D:27)
  A white draconian (D:27)
  A merfolk javelineer (Shoals:5)
  2 ettins
  Snorg (D:17)
  3 death oozes (Slime:6)
  21 vault guards
  A minotaur (Lab)
  18 mummy priests
  2 jiangshi
  3 merfolk impalers
  2 sirens
  7 hydras
  8 ironheart preservers
  17 yaktaur captains
  Fannar (Lair:5)
  A dragon (Lair:8)
  Josephine (D:11)
  3 merfolk aquamancers (Shoals:5)
  7 great orbs of eyes
  2 ice dragons
  2 anacondas
  10 deep troll earth magi
  Erica (Orc:2)
  2 spectral stone giants
  An alligator snapping turtle (Shoals:5)
  A spectral frost giant (Tomb:3)
  2 deep dwarf death knights
  6 death yaks
  10 ogre magi
  6 thrashing horrors
  3 vampire magi
  13 wretched stars
  4 deep troll shamans
  12 naga warriors
  4 soul eaters
  A spectral storm dragon (Tomb:2)
  4 very ugly things
  A fire crab (shapeshifter) (Vaults:5)
  2 hell knights (Tomb:1)
  A catoblepas (Lair:8)
  7 sun demons
  Nergalle (D:13)
  8 deep elf knights
  A shadow wraith (Tomb:3)
  12 centaur warriors
  6 iron trolls
  A shadow demon (Pan)
  7 sea snakes
  A water nymph (shapeshifter) (D:27)
  4 unseen horrors
  A storm dragon skeleton (Crypt:3)
  26 skeletal warriors
  2 ice devils
  A faun (shapeshifter) (D:27)
  A giant orange brain (Abyss:5)
  19 large abominations
  14 hill giants
  5 flayed ghosts
  A giant orange brain (shapeshifter) (D:26)
  A hellion (Abyss:5)
  A very ugly thing zombie (Crypt:1)
  9 necromancers
  23 deep trolls
  7 giant amoebae
  Pikel (D:9)
  21 harpies
  2 flaming corpses
  21 orc knights
  2 wolf spider zombies
  Joseph (D:10)
  A wolf spider (D:25)
  2 anaconda skeletons
  A harpy (shapeshifter) (D:19)
  3 shining eyes
  8 ironbrand convokers
  A spiny worm (shapeshifter) (Vaults:5)
  5 cyclopes
  2 orc sorcerers
  2 lindwurms (Lair:8)
  A glowing shapeshifter (Vaults:5)
  3 frost giant zombies
  A cyclops (shapeshifter) (Vaults:5)
  A red wasp (shapeshifter) (D:26)
  An oklob plant (Shoals:3)
  A spectral ettin (Crypt:2)
  8 spiny worms
  8 phantasmal warriors
  7 stone giant zombies
  A satyr zombie (Crypt:1)
  2 griffons
  A sphinx skeleton (Tomb:1)
  6 red wasps
  A frost giant skeleton (Vaults:4)
  8 stone giant skeletons
  2 guardian serpents
  An elephant (shapeshifter) (Vaults:5)
  7 elephants (Lair:4)
  6 vault sentinels
  5 sixfirhies
  A spectral iron troll (Tomb:3)
  A spiny frog (shapeshifter) (D:26)
  2 fire giant skeletons
  12 orange demons
  7 spiny frogs
  8 smoke demons (Abyss:5)
  A storm dragon simulacrum (Tomb:1)
  An item mimic (Lair:8)
  9 black mambas
  A satyr skeleton (Crypt:1)
  2 tormentors
  2 fire drakes
  An iron troll zombie (D:16)
  87 guardian mummies
  5 mermaids
  A jumping spider (shapeshifter) (Vaults:5)
  A komodo dragon (shapeshifter) (Vaults:4)
  4 giant fireflies (Lair:8)
  Grinder (D:6)
  9 naga magi
  3 red devils
  A redback zombie (Vaults:3)
  2 giant fireflies (shapeshifter)
  7 ancient zymes
  16 trolls
  An anaconda simulacrum (Crypt:2)
  A deep elf priest (Vaults:3)
  12 hellwings
  3 giant leeches (Lair:8)
  24 two-headed ogres
  Sonja (D:14)
  11 komodo dragons
  6 polar bears (Lair:8)
  A harpy skeleton (Crypt:1)
  11 snapping turtles
  5 blue devils
  6 boulder beetles
  41 yaktaurs
  Prince Ribbit (D:5)
  6 brown oozes
  A minotaur skeleton (Crypt:3)
  A fire giant simulacrum (Crypt:2)
  2 ettin zombies
  3 stone giant simulacra
  A griffon zombie (D:17)
  A tarantella (shapeshifter) (Vaults:5)
  76 slime creatures
  7 blink frogs
  A spectral wind drake (Crypt:2)
  11 ynoxinuls
  A redback (shapeshifter) (Vaults:5)
  8 deep elf magi
  5 vampires
  2 griffon skeletons
  22 flying skulls
  A tarantella (Vaults:4)
  2 ettin skeletons
  15 grizzly bears
  5 basilisks
  5 redbacks (Vaults:4)
  9 wraiths
  43 yaks
  14 golden eyes
  A dryad skeleton (Crypt:1)
  21 shadows
  2 fire elementals (Snake:4)
  3 hill giant zombies
  2 water elementals (D:19)
  3 wyverns
  62 ugly things
  2 sharks
  3 chaos spawn
  A clay golem (Abyss:5)
  Grum (Orc:4)
  2 deep elf fighters
  17 hippogriffs
  7 neqoxecs
  19 vampire mosquitoes
  An ancient bear simulacrum (Crypt:1)
  A hill giant skeleton (D:16)
  A red draconian simulacrum (Abyss:5)
  17 merfolk
  A mottled dragon (Vaults:2)
  A wind drake skeleton (Crypt:2)
  9 hungry ghosts
  2 deep troll zombies
  5 rock worms (Lair:8)
  11 manticores
  A steam dragon (D:9)
  A soldier ant (shapeshifter) (D:25)
  14 wolves
  A swamp drake (D:9)
  20 small abominations
  3 soldier ants
  A faun skeleton (Crypt:1)
  3 necrophages
  8 hell hounds
  A dryad simulacrum (Crypt:2)
  2 deep troll skeletons
  A black bear (shapeshifter) (Vaults:4)
  3 ice beasts
  Purgy (Sewer)
  A slave (D:9)
  14 porcupines
  16 centaurs
  14 freezing wraiths
  35 orc warriors
  4 phantoms
  3 giant goldfish (Lair:3)
  74 nagas
  A kobold demonologist (D:19)
  9 black bears
  55 ogres
  A sky beast (D:13)
  A spectral giant slug (Crypt:2)
  An ugly thing zombie (Crypt:2)
  3 boring beetles
  9 crocodiles
  2 rotting devils
  5 wargs
  A yaktaur zombie (Vaults:1)
  6 giant slugs
  6 brain worms
  22 water moccasins
  6 agate snails
  A giant slug zombie (Crypt:2)
  A hell hound zombie (Abyss:5)
  6 big kobolds
  A cyclops zombie (D:15)
  4 yaktaur skeletons
  11 giant frogs
  2 boulder beetle zombies
  21 killer bees
  5 eyes of draining
  4 troll zombies (D:10)
  A hippogriff skeleton (D:9)
  2 jellyfish (Lair:2)
  7 wights
  3 electric eels (Lair:8)
  6 crimson imps
  4 fire bats (Abyss:5)
  2 giant frog zombies
  9 hounds
  17 orc priests
  3 jellies
  2 goliath beetles
  A two-headed ogre zombie (D:13)
  A centaur skeleton (D:11)
  2 big fish
  A giant frog skeleton (D:11)
  11 iron imps
  7 worker ants
  18 orc wizards
  A basilisk skeleton (D:11)
  8 iguanas
  A killer bee zombie (D:13)
  2 scorpions
  3 ogre zombies (D:10)
  12 sheep
  The ghost of prkl the Cudgeler, a weakling TrCK of Xom (D:3)
  A brain worm zombie (Abyss:5)
  An ogre skeleton (D:8)
  A hound skeleton (D:11)
  45 mummies
  A worker ant zombie (D:11)
  34 adders
  3 gnolls (D:6)
  22 green rats
  3 lemures (Abyss:5)
  A shadow imp (Abyss:5)
  A sky beast simulacrum (Abyss:1)
  18 worms
  7 giant centipedes
  2 giant mites
  6 white imps
  28 ufetubi
  An adder skeleton (Crypt:2)
  A giant centipede zombie (D:11)
  An iguana zombie (D:9)
  A grey rat (D:6)
  An iguana skeleton (D:3)
  5 giant eyeballs
  8 giant geckos
  4 oozes
  129 orcs
  A ball python (D:2)
  17 bats
  3 giant cockroaches (D:6)
  7 hobgoblins
  12 jackals
  7 giant newts
  12 goblins
  4 goblin zombies
  2 hobgoblin skeletons (D:10)
  4 hobgoblin zombies
  39 kobolds
  A kobold zombie (D:7)
  A lurking horror (Abyss:3)
  4 orc skeletons
  14 orc zombies (D:10)
  5 quokkas
  A quokka zombie (Crypt:1)
  20 rats
  2 crawling corpses (Vaults:3)
  4 fungi (Lair:8)
  3 plants
  A starspawn tentacle (Abyss:5)
2433 creatures vanquished.

Vanquished Creatures (collateral kills)
  the royal jelly (Slime:6)
  2 greater mummies (Tomb:3)
  2 acid blobs
  Polyphemus (Shoals:2)
  A Shadow Fiend (Pan)
  The ghost of electriceye the Earth Mage, a mighty GrEE of Vehumet (Snake:5)
  3 azure jellies
  A greater naga (Snake:5)
  2 reapers (Tomb:3)
  A stone giant (Tomb:3)
  A green death (Pan)
  2 death oozes (Slime:6)
  3 vault guards (Vaults:5)
  A death yak (Shoals:2)
  3 naga warriors (Snake:5)
  4 soul eaters (Tomb:3)
  A catoblepas (Shoals:2)
  A large abomination (Pan)
  A hill giant (Tomb:3)
  A phantasmal warrior (Tomb:3)
  A shining eye (Slime:4)
  2 sixfirhies (Tomb:3)
  5 guardian mummies (Tomb:3)
  A frost giant simulacrum (Tomb:3)
  2 flying skulls (Tomb:3)
  A grizzly bear (Tomb:3)
  A shadow (Tomb:3)
  A hungry ghost (Tomb:3)
  A black bear (Tomb:3)
  5 nagas (Snake:5)
  A rotting devil (Pan)
  An eye of draining (Slime:4)
  A boulder beetle zombie (Tomb:3)
  4 mummies (Tomb:3)
60 creatures vanquished.

Vanquished Creatures (others)
  A daeva (Tomb:3)
  A tengu reaver (Vaults:5)
  2 angels (Tomb:3)
  A merfolk aquamancer (Shoals:5)
  A deep elf knight (Vaults:5)
  2 hill giants (Slime:6)
  A large abomination (Abyss:5)
  A naga mage (Snake:5)
  A troll (Vaults:5)
  A stone giant simulacrum (Crypt:1)
  3 nagas
  A small abomination (Abyss:5)
  2 lost souls
  An ogre (Vaults:5)
  A warg (Vaults:5)
  A mummy (Tomb:2)
  An adder (Snake:4)
  A lemure (Pan)
  An ufetubus (Abyss:5)
  A bat (D:9)
  A giant spore (Abyss:5)
  A kobold (D:9)
  5 fungi
  6 plants
  5 starspawn tentacles (Abyss:5)
  A starspawn tentacle segment (Abyss:5)
44 creatures vanquished.

Grand Total: 2537 creatures vanquished

Notes
Turn   | Place    | Note
--------------------------------------------------------------
     0 | D:1      | prkl, the Ogre Berserker, began the quest for the Orb.
     0 | D:1      | Reached XP level 1. HP: 23/23 MP: 0/0
     0 | D:1      | Noticed a minotaur skeleton
     1 | D:1      | Noticed an elf skeleton
     8 | D:1      | Noticed a spriggan skeleton
    16 | D:1      | Noticed a troll skeleton
    16 | D:1      | Noticed a merfolk skeleton
    18 | D:1      | Noticed a troll skeleton
   141 | D:1      | Reached XP level 2. HP: 29/32 MP: 1/1
   247 | D:2      | Acquired Trog's second power
   269 | D:2      | Reached skill level 5 in Maces & Flails
   306 | D:1      | Reached XP level 3. HP: 21/39 MP: 2/2
   388 | D:2      | Reached skill level 6 in Maces & Flails
   456 | D:2      | Reached XP level 4. HP: 45/48 MP: 3/3
   470 | D:2      | Found an iron altar of Okawaru.
   768 | D:3      | Noticed prkl's ghost (weakling TrCK)
   785 | D:3      | Killed prkl's ghost
   816 | D:3      | Found a bloodstained altar of Trog.
   943 | D:3      | Reached skill level 7 in Maces & Flails
  1061 | D:5      | Entered Level 5 of the Dungeon
  1119 | D:5      | Noticed Prince Ribbit
  1171 | D:5      | Killed Prince Ribbit
  1171 | D:5      | Reached skill level 9 in Maces & Flails
  1171 | D:5      | Reached XP level 5. HP: 34/54 MP: 4/4
  1171 | D:5      | Reached XP level 6. HP: 39/63 MP: 5/5
  1261 | D:5      | Found an ancient bone altar of Kikubaaqudgha.
  1290 | D:4      | Found a blossoming altar of Fedhas.
  1455 | D:6      | Found a snail-covered altar of Cheibriados.
  1483 | D:6      | Noticed Grinder
  1492 | D:6      | Killed Grinder
  1492 | D:6      | Reached skill level 5 in Fighting
  1492 | D:6      | Reached XP level 7. HP: 71/71 MP: 6/6
  1497 | D:6      | Reached skill level 10 in Maces & Flails
  1601 | D:6      | Found a staircase to the Ecumenical Temple.
  1605 | Temple   | Entered the Ecumenical Temple
  1886 | D:6      | Reached skill level 11 in Maces & Flails
  1886 | D:6      | Reached XP level 8. HP: 42/81 MP: 7/7
  1943 | D:6      | Found a glowing drain.
  1967 | Sewer    | Entered a sewer
  1977 | Sewer    | Acquired Trog's third power
  2034 | Sewer    | Noticed Purgy
  2055 | Sewer    | Killed Purgy
  2304 | D:6      | Reached skill level 12 in Maces & Flails
  2357 | D:8      | Found a snail-covered altar of Cheibriados.
  2404 | D:9      | Reached skill level 1 in Armour
  2461 | D:10     | Entered Level 10 of the Dungeon
  2627 | D:9      | Reached XP level 9. HP: 91/91 MP: 8/8
  2831 | D:8      | Found a basalt altar of Yredelemnul.
  3098 | D:9      | Found a white marble altar of Elyvilon.
  3213 | D:9      | Found a blossoming altar of Fedhas.
  3308 | D:9      | Noticed Pikel
  3323 | D:9      | Killed Pikel
  3323 | D:9      | Reached skill level 13 in Maces & Flails
  3396 | D:9      | Reached skill level 14 in Maces & Flails
  3403 | D:9      | Reached XP level 10. HP: 74/102 MP: 9/9
  3680 | D:12     | Received a gift from Trog
  3759 | D:13     | Reached skill level 15 in Maces & Flails
  3817 | D:13     | Noticed Nergalle
  4027 | D:12     | Noticed a hill giant
  4031 | D:12     | Killed a hill giant
  4031 | D:12     | Reached skill level 16 in Maces & Flails
  4118 | D:12     | Noticed a hill giant
  4122 | D:12     | Killed a hill giant
  4359 | D:10     | Killed an unseen horror
  4359 | D:10     | Reached skill level 17 in Maces & Flails
  4359 | D:10     | Reached XP level 11. HP: 64/110 MP: 10/10
  4543 | D:10     | Noticed a hill giant
  4565 | D:10     | Killed a hill giant
  4565 | D:10     | Reached skill level 18 in Maces & Flails
  4588 | D:10     | Found a staircase to the Orcish Mines.
  4857 | D:10     | Noticed Joseph
  4875 | D:10     | Killed Joseph
  4965 | D:11     | Received a gift from Trog
  4969 | D:11     | Got a jewelled giant club {god gift}
  4972 | D:11     | Identified the +7,+7 giant club of Mebiocef {speed, rN+ Dex+1 Stlth+} (Trog gifted it to you on level 11 of the Dungeon)
  4972 | D:11     | Identified the +7,+7 giant club of Mebiocef {speed, rN+ Dex+1 Stlth+} (Trog gifted it to you on level 11 of the Dungeon)
  4973 | D:11     | ::THXBROTROG
  5073 | D:11     | Noticed Josephine
  5089 | D:11     | Killed Josephine
  5187 | D:12     | Reached skill level 19 in Maces & Flails
  5485 | D:13     | Noticed a six-headed hydra
  5523 | D:13     | Killed Nergalle
  5547 | D:13     | Reached skill level 20 in Maces & Flails
  5582 | D:13     | Reached XP level 12. HP: 108/119 MP: 11/11
  5590 | D:13     | Killed an unseen horror
  5680 | D:13     | Reached skill level 10 in Fighting
  5721 | D:13     | Gained mutation: You possess an exceptional clarity of mind. [mutagenic meat]
  5767 | D:13     | Paralysed by a giant eyeball for 4 turns
  5784 | D:13     | Got a sapphire quarterstaff
  5990 | D:13     | Killed a six-headed hydra
  6333 | D:9      | Noticed a komodo dragon
  6340 | D:9      | Killed a komodo dragon
  6385 | D:9      | Noticed a komodo dragon
  6390 | D:9      | Received a gift from Trog
  6406 | D:9      | Killed a komodo dragon
  6432 | D:9      | Found a staircase to the Lair.
  6474 | Lair:1   | Entered Level 1 of the Lair of Beasts
  6490 | Lair:1   | Gained mutation: You digest meat inefficiently. [potion of mutation]
  6490 | Lair:1   | Gained mutation: Your magical capacity is low (-10% MP). [potion of mutation]
  6490 | Lair:1   | Lost mutation: You digest meat inefficiently. [potion of mutation]
  6635 | Lair:1   | Noticed an eight-headed hydra
  6644 | Lair:1   | Reached skill level 21 in Maces & Flails
  6647 | Lair:1   | Killed an eight-headed hydra
  6757 | Lair:2   | Noticed a death yak
  6758 | Lair:2   | Noticed a death yak
  6758 | Lair:2   | Noticed a death yak
  6784 | Lair:2   | Killed a death yak
  6785 | Lair:2   | Noticed a death yak
  6805 | Lair:1   | Killed a death yak
  7119 | Lair:2   | Killed a death yak
  7119 | Lair:2   | Reached skill level 22 in Maces & Flails
  7127 | Lair:2   | Killed a death yak
  7127 | Lair:2   | Reached XP level 13. HP: 113/131 MP: 10/10
  7294 | Lair:3   | Found a staircase to the Shoals.
  7373 | Lair:4   | Reached skill level 5 in Armour
  7484 | Lair:4   | Found a staircase to the Snake Pit.
  7715 | Lair:5   | Received a gift from Trog
  7849 | Lair:5   | Noticed Fannar
  7870 | Lair:5   | Killed Fannar
  8138 | Lair:7   | Found a labyrinth entrance.
  8148 | Lab      | Entered a labyrinth
  8603 | Lab      | Noticed a minotaur
  8611 | Lab      | Killed a minotaur
  8636 | Lab      | Got an encrusted sling
  8636 | Lab      | Got a slimy trident
  8637 | Lab      | Identified the +10,+6 sling "Mnoca" {velocity, +Inv +Fly rC-} (You found it in a labyrinth)
  8637 | Lab      | Identified the +10,+6 sling "Mnoca" {velocity, +Inv +Fly rC-} (You found it in a labyrinth)
  8639 | Lab      | Identified the +6,+8 trident of Gafe {freeze, Int+1 SInv} (You found it in a labyrinth)
  8639 | Lab      | Identified the +6,+8 trident of Gafe {freeze, Int+1 SInv} (You found it in a labyrinth)
  8909 | Lair:8   | Entered Level 8 of the Lair of Beasts
  8921 | Lair:8   | Received a gift from Trog
  8999 | Lair:8   | Noticed prkl's ghost (powerful OgBe)
  9128 | Lair:8   | Killed prkl's ghost
  9304 | Lair:8   | Reached XP level 14. HP: 102/148 MP: 11/11
  9433 | Lair:8   | Received a gift from Trog
 10117 | Lair:8   | Reached skill level 15 in Fighting
 10167 | Lair:8   | Received a gift from Trog
 11142 | Orc:1    | Entered Level 1 of the Orcish Mines
 11170 | Orc:2    | Found a burning altar of Makhleb.
 11296 | Orc:2    | Noticed Erica
 11303 | Orc:2    | Killed Erica
 11303 | Orc:2    | Reached skill level 1 in Evocations
 11312 | Orc:3    | Noticed an orc warlord
 11442 | Orc:4    | Entered Level 4 of the Orcish Mines
 11463 | Orc:4    | Noticed Grum
 11476 | Orc:4    | Received a gift from Trog
 11477 | Orc:4    | Got a smoking giant spiked club {god gift}
 11491 | Orc:4    | Killed Grum
 11511 | Orc:4    | Identified the +2,+8 giant spiked club "Ipibbooj" {freeze, +Jump} (Trog gifted it to you on level 4 of the Orcish Mines)
 11511 | Orc:4    | Identified the +2,+8 giant spiked club "Ipibbooj" {freeze, +Jump} (Trog gifted it to you on level 4 of the Orcish Mines)
 11569 | Orc:4    | Killed an orc warlord
 11573 | Orc:4    | Found a staircase to the Elven Halls.
 11577 | Orc:4    | Found Souniujimm's Weapon Boutique.
 11621 | Orc:4    | Reached skill level 10 in Armour
 11701 | Orc:4    | Noticed a stone giant
 11733 | Orc:4    | Killed a stone giant
 11788 | Orc:4    | Reached XP level 15. HP: 144/162 MP: 18/18
 11844 | Orc:4    | Found Twaot's Jewellery Emporium.
 11863 | Orc:4    | Found Twaebe Grirch's Magical Wand Shop.
 11864 | Orc:4    | Found Hatowaor's Food Shop.
 11903 | Orc:4    | Bought an uncursed ring of see invisible for 180 gold pieces
 11937 | Orc:4    | Received a gift from Trog
 11957 | Orc:4    | Got a crude giant club {god gift}
 11973 | Orc:4    | Bought a bread ration for 44 gold pieces
 11973 | Orc:4    | Bought a bread ration for 44 gold pieces
 11976 | Orc:4    | Identified the +3,+5 giant club "Brush" {drain, rElec rC+} (Trog gifted it to you on level 4 of the Orcish Mines)
 11976 | Orc:4    | Identified the +3,+5 giant club "Brush" {drain, rElec rC+} (Trog gifted it to you on level 4 of the Orcish Mines)
 11998 | Orc:3    | Noticed an orc warlord
 12144 | D:10     | Reached skill level 5 in Evocations
 12144 | D:10     | Reached XP level 16. HP: 167/172 MP: 18/21
 12260 | D:14     | Entered Level 14 of the Dungeon
 12260 | D:14     | Noticed Sonja
 12301 | D:14     | Killed Sonja
 12309 | D:14     | Reached skill level 1 in Throwing
 12347 | D:15     | Entered Level 15 of the Dungeon
 12576 | D:16     | Received a gift from Trog
 12896 | Orc:4    | Bought an uncursed ring of poison resistance for 240 gold pieces
 13168 | Snake:1  | Entered Level 1 of the Snake Pit
 13213 | Snake:1  | Reached skill level 5 in Dodging
 13795 | Snake:4  | Noticed Saint Roka
 13820 | Snake:3  | Received a gift from Trog
 13828 | Snake:3  | Got an encrusted dire flail {god gift}
 13905 | Snake:3  | Noticed Lamia
 14213 | Snake:4  | Killed Saint Roka
 14404 | Snake:4  | Noticed Azrael
 14469 | Snake:4  | Killed Azrael
 14575 | Snake:5  | Entered Level 5 of the Snake Pit
 14580 | Snake:5  | Noticed electriceye's ghost (mighty GrEE)
 14664 | Snake:5  | Killed electriceye's ghost
 14850 | Snake:5  | Received a gift from Trog
 15448 | Snake:5  | Received a gift from Trog
 15448 | Snake:5  | Reached XP level 17. HP: 133/187 MP: 18/22
 15449 | Snake:5  | Got a twisted giant spiked club {god gift}
 15450 | Snake:5  | Identified the -2,+5 giant spiked club "Fofoux" {crush, rElec MR++ Str+3 Dex+1 SInv} (Trog gifted it to you on level 5 of the Snake Pit)
 15450 | Snake:5  | Identified the -2,+5 giant spiked club "Fofoux" {crush, rElec MR++ Str+3 Dex+1 SInv} (Trog gifted it to you on level 5 of the Snake Pit)
 15544 | Snake:5  | Got a serpentine rune of Zot
 15836 | Shoals:1 | Entered Level 1 of the Shoals
 15976 | Shoals:2 | Noticed Polyphemus
 16165 | Shoals:2 | Killed Polyphemus
 16230 | Shoals:2 | Identified the +5,+9 dire flail "Hell-Harrower" {flame, rElec} (Trog gifted it to you on level 3 of the Snake Pit)
 16230 | Shoals:2 | Identified the +5,+9 dire flail "Hell-Harrower" {flame, rElec} (Trog gifted it to you on level 3 of the Snake Pit)
 16298 | Shoals:2 | Noticed Jorgrun
 16311 | Shoals:2 | Killed Jorgrun
 16612 | Shoals:4 | Noticed Donald
 16628 | Shoals:4 | Killed Donald
 16682 | Shoals:5 | Entered Level 5 of the Shoals
 16701 | Shoals:5 | Received a gift from Trog
 16704 | Shoals:5 | Got a twisted giant spiked club {god gift}
 16705 | Shoals:5 | Identified the +7,+5 giant spiked club of Victory {crush, Contam +Inv} (Trog gifted it to you on level 5 of the Shoals)
 16705 | Shoals:5 | Identified the +7,+5 giant spiked club of Victory {crush, Contam +Inv} (Trog gifted it to you on level 5 of the Shoals)
 16789 | Shoals:5 | Gained mutation: You passively map a small area around you. [mutagenic glow]
 16849 | Shoals:4 | Noticed Frances
 16981 | Shoals:5 | Got a barnacled rune of Zot
 17151 | Shoals:5 | Identified Roxanne's Catalogue of Instinct (You found it on level 5 of the Shoals)
 17309 | Shoals:4 | Found Guahog's Gadget Boutique.
 17996 | Orc:4    | Bought a wand of digging (14) for 504 gold pieces
 18554 | Lair:5   | Received a gift from Trog
 18558 | Lair:5   | Got a transparent giant spiked club {god gift}
 18560 | Lair:5   | Identified the +5,+3 giant spiked club of the Original Sin {drain, rF+ Int+3} (Trog gifted it to you on level 5 of the Lair of Beasts)
 18560 | Lair:5   | Identified the +5,+3 giant spiked club of the Original Sin {drain, rF+ Int+3} (Trog gifted it to you on level 5 of the Lair of Beasts)
 18807 | Lair:6   | Found a viscous altar of Jiyva.
 18807 | Lair:6   | Found a staircase to the Slime Pits.
 18851 | Slime:1  | Entered Level 1 of the Pits of Slime
 19309 | Slime:1  | Reached XP level 18. HP: 114/200 MP: 26/26
 19751 | Slime:4  | Received a gift from Trog
 19751 | Slime:4  | Reached skill level 10 in Evocations
 19888 | Slime:5  | Paralysed by a great orb of eyes for 4 turns
 19981 | Slime:6  | Entered Level 6 of the Pits of Slime
 20222 | Slime:6  | Paralysed by a giant eyeball for 3 turns
 20320 | Slime:6  | Found a viscous altar of Jiyva.
 20447 | Slime:6  | Noticed the royal jelly
 20458 | Slime:6  | Killed the royal jelly
 20500 | Slime:6  | Got a flickering bone ring
 20506 | Slime:6  | Got a jewelled broad axe
 20550 | Slime:6  | Csabeeboy: DONT
 20550 | Slime:6  | Csabeeboy: DONT EAT THE SAUSAGES
 20554 | Slime:6  | Csabeeboy: ITSS OUT OF BEST BEFORE
 20568 | Slime:6  | Identified Bruhecis' Compendium of Ashen Slavery (You found it on level 6 of the Pits of Slime)
 20588 | Slime:6  | Identified the +3,+6 broad axe "Clan" {drain, rElec rPois} (You found it on level 6 of the Pits of Slime)
 20588 | Slime:6  | Identified the +3,+6 broad axe "Clan" {drain, rElec rPois} (You found it on level 6 of the Pits of Slime)
 20602 | Slime:6  | Got a slimy rune of Zot
 20622 | Slime:6  | Identified the ring "Vetoxoki" {Hunger +Rage rN+ Dam+3 SInv} (You found it on level 6 of the Pits of Slime)
 20709 | Lair:6   | Csabeeboy: enough of this non-sense!
 20715 | Lair:6   | Csabeeboy: you have to feed the camels
 21267 | D:17     | Found a deep blue altar of Sif Muna.
 21391 | D:19     | Noticed Aizul
 21394 | D:20     | Entered Level 20 of the Dungeon
 21545 | D:20     | Received a gift from Trog
 21921 | D:20     | Found a white marble altar of Elyvilon.
 21956 | D:20     | Reached XP level 19. HP: 208/208 MP: 28/28
 21971 | D:20     | Found Quewumm's Magical Wand Emporium.
 22083 | D:19     | Found a shattered altar of Ashenzari.
 22161 | D:18     | Gained mutation: Your flesh is cold resistant. [potion of beneficial mutation]
 22707 | D:17     | Received a gift from Trog
 22720 | D:17     | Got an ichor-stained giant club {god gift}
 22727 | D:17     | Identified the +4,+6 giant club of Equivalence {vamp, rC+} (Trog gifted it to you on level 17 of the Dungeon)
 22858 | D:18     | Noticed Snorg
 23022 | D:17     | Killed Snorg
 23166 | D:18     | Found a portal to a secret trove of treasure.
 23459 | D:19     | Received a gift from Trog
 24039 | D:19     | Killed Aizul
 24637 | D:16     | Found a staircase to the Vaults.
 24658 | Vaults:1 | Entered Level 1 of the Vaults
 24914 | Vaults:2 | Noticed a lich
 25270 | Vaults:2 | Received a gift from Trog
 25861 | Vaults:4 | Reached XP level 20. HP: 134/221 MP: 30/30
 26131 | Vaults:4 | Received a gift from Trog
 26313 | Vaults:5 | Entered Level 5 of the Vaults
 26498 | Vaults:5 | Reached skill level 15 in Armour
 27254 | Vaults:5 | Got a crystal battleaxe
 27305 | Vaults:5 | Got a crude amber ring
 27306 | Vaults:5 | Identified the ring "Thosacw" {+Fly Int+2 Dam+4} (You found it on level 5 of the Vaults)
 27580 | Vaults:5 | Got a silver rune of Zot
 27634 | Vaults:5 | Noticed prkl's ghost (powerful FeBe)
 27647 | Vaults:5 | Killed prkl's ghost
 27758 | Vaults:5 | Reached XP level 21. HP: 71/235 MP: 32/32
 27962 | Vaults:5 | Received a gift from Trog
 27963 | Vaults:5 | Got a warped giant spiked club {god gift}
 27968 | Vaults:5 | Identified the +9,+7 giant spiked club of Trog's Vengeance {venom, Stlth-} (Trog gifted it to you on level 5 of the Vaults)
 27968 | Vaults:5 | Identified the +9,+7 giant spiked club of Trog's Vengeance {venom, Stlth-} (Trog gifted it to you on level 5 of the Vaults)
 28036 | Vaults:5 | Reached skill level 15 in Evocations
 29533 | Vaults:3 | Noticed Sojobo
 29707 | Vaults:3 | Killed Sojobo
 29758 | Vaults:2 | Received a gift from Trog
 30286 | Vaults:2 | Paralysed by an orc sorcerer for 3 turns
 30336 | Vaults:2 | Killed a lich
 30638 | Vaults:3 | Reached XP level 22. HP: 227/252 MP: 33/33
 30667 | Vaults:3 | Found a staircase to the Hall of Blades.
 30779 | Vaults:3 | Found an ancient bone altar of Kikubaaqudgha.
 30779 | Vaults:3 | Found a staircase to the Crypt.
 30780 | Vaults:3 | Found a basalt altar of Yredelemnul.
 31193 | Temple   | Fell from the grace of Trog
 31193 | Temple   | Became a worshipper of the Shining One
 31417 | D:16     | Learned a level 1 spell: Summon Butterflies
 31420 | D:16     | Learned a level 2 spell: Blink
 31423 | D:16     | Learned a level 2 spell: Repel Missiles
 31558 | Crypt:1  | Entered Level 1 of the Crypt
 31779 | Crypt:1  | Acquired the Shining One's first power
 31869 | Crypt:1  | Reached skill level 23 in Fighting
 32071 | Crypt:1  | Acquired the Shining One's second power
 32774 | Crypt:2  | Acquired the Shining One's third power
 32795 | Crypt:2  | Found a staircase to the Tomb.
 32826 | Tomb:1   | Entered Level 1 of the Tomb of the Ancients
 32971 | Tomb:1   | Noticed Margery
 32992 | Tomb:1   | Killed Margery
 33209 | Tomb:1   | Paralysed by a sphinx for 3 turns
 33266 | Tomb:1   | Noticed a greater mummy
 33283 | Tomb:1   | Reached skill level 24 in Fighting
 33295 | Tomb:1   | Killed a greater mummy
 33315 | Tomb:1   | Noticed a greater mummy
 33561 | Tomb:1   | Noticed a greater mummy
 33706 | Tomb:1   | Killed a greater mummy
 33706 | Tomb:1   | Acquired the Shining One's fourth power
 33709 | Tomb:1   | Cast into the Abyss (reaper)
 34212 | Abyss:3  | Reached XP level 23. HP: 186/265 MP: 33/33
 34383 | Abyss:5  | Entered Level 5 of the Abyss
 34422 | Abyss:5  | Found a corrupted altar of Lugonu.
 34479 | Abyss:5  | Got an abyssal rune of Zot
 34656 | Abyss:5  | Reached skill level 1 in Shields
 34656 | Abyss:5  | Reached skill level 1 in Invocations
 34718 | Abyss:5  | Noticed an ancient lich
 34745 | Abyss:5  | Killed an ancient lich
 34918 | Abyss:5  | Reached skill level 5 in Invocations
 35119 | Abyss:5  | Reached skill level 5 in Shields
 35331 | Abyss:5  | Identified a scroll of acquirement
 35528 | Tomb:1   | Escaped the Abyss
 35748 | Tomb:1   | Killed a greater mummy
 35882 | Tomb:2   | Noticed a greater mummy
 35882 | Tomb:2   | Noticed a greater mummy
 35900 | Tomb:2   | Noticed a greater mummy
 35902 | Tomb:2   | Noticed a greater mummy
 36528 | Tomb:1   | Killed a greater mummy
 36698 | Tomb:1   | Killed a greater mummy
 36901 | Tomb:1   | Killed a greater mummy
 36907 | Tomb:2   | Lost intelligence.
 36946 | Tomb:1   | Killed a greater mummy
 37051 | Tomb:2   | Reached XP level 24. HP: 256/275 MP: 32/34
 37306 | Tomb:2   | Got a crude spear
 37673 | Tomb:3   | Entered Level 3 of the Tomb of the Ancients
 37855 | Tomb:2   | Reached skill level 10 in Invocations
 37912 | Tomb:3   | Noticed Mara
 37914 | Tomb:3   | Noticed prkl's illusion
 37959 | Tomb:2   | Killed prkl's illusion
 38003 | Tomb:2   | Killed Mara
 39426 | Tomb:3   | Noticed a greater mummy
 39427 | Tomb:3   | Noticed a greater mummy
 39442 | Tomb:3   | Noticed a greater mummy
 39585 | Tomb:3   | Killed a greater mummy
 39592 | Tomb:3   | Noticed a greater mummy
 39593 | Tomb:3   | Killed a greater mummy
 39607 | Tomb:3   | Noticed a greater mummy
 39608 | Tomb:3   | Killed a greater mummy
 39616 | Tomb:3   | Noticed a greater mummy
 39624 | Tomb:3   | Killed a greater mummy
 39633 | Tomb:3   | Killed a greater mummy
 39651 | Tomb:3   | Killed a greater mummy
 39710 | Tomb:3   | Reached skill level 10 in Shields
 39716 | Tomb:3   | Got a steaming bone ring
 39735 | Tomb:3   | Identified the ring "Koofut" {+/*Tele Int-3} (You found it on level 3 of the Tomb of the Ancients)
 39756 | Tomb:3   | Learned a level 1 spell: Apportation
 39758 | Tomb:3   | Identified the Compendium of Arcane Weapons
 39812 | Tomb:3   | Got a golden rune of Zot
 39824 | Tomb:3   | Noticed Boris
 39829 | Tomb:3   | Noticed a greater mummy
 39856 | Tomb:3   | HP: 7/254 [greater mummy/divine providence (16)]
 40105 | Tomb:3   | Killed a greater mummy
 40105 | Tomb:3   | Reached skill level 1 in Spellcasting
 40148 | Tomb:3   | Killed Boris
 40148 | Tomb:3   | Reached skill level 1 in Charms
 40148 | Tomb:3   | Reached skill level 1 in Translocations
 40298 | Tomb:3   | Noticed a greater mummy
 40312 | Tomb:3   | Killed a greater mummy
 40554 | Tomb:3   | Noticed a greater mummy
 41081 | D:16     | Learned a level 5 spell: Phase Shift
 41085 | D:16     | Learned a level 3 spell: Flight
 41094 | D:16     | Learned a level 6 spell: Haste
 41102 | D:16     | Learned a level 5 spell: Shadow Creatures
 41147 | D:16     | Learned a level 4 spell: Dig
 41199 | Trove    | Entered a treasure trove
 41586 | D:23     | Reached skill level 1 in Summonings
 41610 | D:23     | Got an ancient pearl dragon armour
 41635 | D:23     | Identified the -8 pearl dragon armour of Tartarus {rN+ Int+2} (You acquired it on level 23 of the Dungeon)
 41771 | D:24     | Found a one-way gate to the infinite horrors of the Abyss.
 41845 | D:25     | Entered Level 25 of the Dungeon
 41845 | D:25     | Found a gateway to Hell.
 41878 | Hell     | Entered the Vestibule of Hell
 41878 | Hell     | Noticed Geryon
 41900 | Hell     | Killed Geryon
 41916 | D:25     | Reached skill level 5 in Spellcasting
 42314 | D:27     | Entered Level 27 of the Dungeon
 42345 | D:27     | Noticed patman's ghost (mighty MiGl)
 42452 | D:25     | Reached XP level 25. HP: 216/260 MP: 34/34
 42831 | D:27     | Found a glowing golden altar of the Shining One.
 43116 | D:27     | Reached skill level 5 in Summonings
 43440 | D:26     | Found a glowing golden altar of the Shining One.
 43532 | D:27     | Killed patman's ghost
 44280 | D:24     | Found a one-way gate leading to the halls of Pandemonium.
 44366 | Pan      | Entered Pandemonium
 44378 | Pan      | Noticed Phutz the pandemonium lord
 44380 | Pan      | Got a demonic rune of Zot
 44515 | Pan      | HP: 13/293 [Shadow Fiend/torment[a shadow demon] (5)]
 44538 | Pan      | HP: 13/293 [balrug/divine providence[a shadow demon] (10)]
 44542 | Pan      | Killed from afar by a balrug

Action                   |  1- 3 |  4- 6 |  7- 9 | 10-12 | 13-15 | 16-18 | 19-21 | 22-24 | 25-27 || total
-------------------------+-------+-------+-------+-------+-------+-------+-------+-------+-------++-------
Melee: Mace              |    87 |   117 |   199 |       |       |       |       |       |       ||   403
       Flail             |       |       |   156 |       |       |       |       |       |       ||   156
       Giant club        |       |       |    33 |   484 |   910 |  1418 |  1836 |  2278 |   395 ||  7354
       Giant spiked club |       |       |       |   159 |       |     1 |     2 |       |       ||   162
       Unarmed           |       |       |       |       |       |    12 |     3 |       |       ||    15
       Staff             |       |       |       |       |       |    33 |       |       |       ||    33
Throw: Dart              |       |     3 |       |       |       |       |       |       |       ||     3
       Throwing net      |       |     1 |       |     1 |     3 |       |       |       |       ||     5
       Large rock        |       |       |       |       |     1 |    19 |    31 |    21 |     3 ||    75
 Cast: Apportation       |       |       |       |       |       |       |       |       |     4 ||     4
Invok: Berserk           |     1 |     2 |     7 |     2 |     4 |     3 |     2 |       |       ||    21
       Trog's Hand       |       |     2 |     1 |     2 |     4 |    18 |    43 |       |       ||    70
       Brothers in Arms  |       |       |       |       |       |     9 |     3 |       |       ||    12
       Divine Shield     |       |       |       |       |       |       |       |    12 |     5 ||    17
       Summon Divine War |       |       |       |       |       |       |       |     4 |     1 ||     5
 Abil: Evoke Teleportati |       |       |       |       |     1 |    10 |     1 |     9 |     3 ||    24
       Evoke Flight      |       |       |       |       |       |     5 |       |       |       ||     5
       Evoke Teleport Co |       |       |       |       |       |       |       |       |     2 ||     2
Evoke: Wand              |       |       |     1 |     6 |    11 |     9 |    13 |     8 |    16 ||    64
       Miscellaneous     |       |       |       |       |       |       |       |     1 |       ||     1
  Use: Potion            |       |     3 |       |     6 |     8 |    15 |    11 |    15 |     2 ||    60
       Scroll            |       |     1 |     3 |    25 |    11 |    15 |    25 |    33 |     6 ||   119
 Stab: Sleeping          |       |       |       |     3 |     2 |     3 |     4 |       |       ||    12
       Held in net/web   |       |       |       |     1 |       |       |       |       |       ||     1
       Distracted        |       |       |       |       |     2 |     1 |     1 |     1 |       ||     5
       Paralysed         |       |       |       |       |       |     1 |       |       |       ||     1
       Invisible         |       |       |       |       |       |     9 |       |       |       ||     9
       Fleeing           |       |       |       |       |       |     1 |       |       |       ||     1
